 Dungeon Crawl Stone Soup version bcrawl-1.12-8-g964540c432 (webtiles) character file.

Game seed: 17777882551194805252

1230 MisterOstroum the Skirmisher (level 8, -3/68 HPs)
             Began as a Demonspawn Archaeologist on June 5, 2019.
             Was a Believer of Okawaru.
             Slain by a troll (8 damage)
             ... on level 6 of the Dungeon.
             The game lasted 00:36:04 (7718 turns).

MisterOstroum the Skirmisher (DsAc)                 Turns: 7718, Time: 00:36:05

Health: -3/68      AC: 20    Str: 13    XL:     8   Next: 24%
Magic:  8/8        EV:  3    Int: 17    God:    Okawaru [**....]
Gold:   401        SH:  0    Dex: 11    Spells: 7/7 levels left

rFire    . . .     SeeInvis .   f - +6 arbalest "Damnation" {damnation, *Curse} (curse)
rCold    . . .     Gourm    .   (shield currently unavailable)
rNeg     . . .     Faith    .   q - +1 plate armour
rPois    .         Spirit   .   b - +1 hat
rElec    .         Reflect  .   (no cloak)
rCorr    .         Harm     .   d - +1 pair of gloves
MR       .....     Rnd*Tele +   c - +1 pair of boots
Stlth    ..........             o - amulet of regeneration
HPRegen  0.61/turn              g - ring of attention (curse)
MPRegen  0.11/turn              x - ring of teleportation (curse)

@: no status effects
A: hooves 2, iridescent scales 2, demonic guardian 1
a: Heroism, Renounce Religion


You were on level 6 of the Dungeon.
You worshipped Okawaru.
Okawaru was pleased with you.
You were hungry.

You visited 2 branches of the dungeon, and saw 9 of its levels.

You collected 401 gold pieces.

Inventory:

Hand Weapons
 f - the cursed +6 arbalest "Damnation" (weapon) {damnation, *Curse}

   It curses itself when equipped.
   It has a curse placed upon it.
 h - a +0 spear
 p - a +0 hand axe
 t - a +0 great mace
 u - a +0 rapier
Missiles
 i - 232 stones (quivered)
Armour
 a - a +1 robe
 b - a +1 hat (worn)
 c - a +1 pair of boots (worn)
 d - a +1 pair of gloves (worn)
 q - a +1 plate armour (worn)
Jewellery
 g - a cursed ring of attention (left hand)
 o - an amulet of regeneration (around neck)
 x - a cursed ring of teleportation (right hand)
Wands
 w - a wand of paralysis (3)
Scrolls
 j - a scroll of teleportation {@r3 !r}
 k - 4 scrolls of blinking {@r4}
Potions
 l - a potion of cancellation {unknown}
 m - a potion of flight {unknown}
 n - a potion of brilliance
 r - 2 potions of curing {@q1 !q}
 s - 2 potions of agility {unknown}
Comestibles
 e - 8 rations {!d}


   Skills:
 * Level 7.9 Fighting
 + Level 6.9 Crossbows
 + Level 0.7 Armour
 - Level 2.6 Dodging
 - Level 3.0 Stealth
 + Level 1.3 Invocations


You had 7 spell levels left.
You didn't know any spells.
Your spell library contained the following spells:

 Spells                   Type           Power        Failure   Level  Hunger
 Confuse                  Hex            #.......     100%        3    ####...
 Dazzling Spray           Conj/Hex       #.....       100%        3    ####...
 Petrify                  Tmut/Erth      #.......     100%        4    #####..
 Yara's Violent Unravell  Hex/Tmut       #.........   100%        4    #####..
 Metabolic Englaciation   Hex/Ice        #.........   100%        5    ######.


Dungeon Overview and Level Annotations

Branches:
Dungeon (8/12)             Temple (1/1) D:6            Lair (0/6) D:7
    Orc: D:8-11

Altars:
Ashenzari
Cheibriados
Dithmenos
Fedhas
Hepliaklqana
Kikubaaqudgha
Makhleb
Okawaru
Qazlal
Ru
Trog
Vehumet
Wu Jian
Xom
Zin
The Shining One

Shops:
D:7 (

Annotations:
D:2 1 runed door, exclusion: door
D:3 1 runed translucent door
D:4 exclusion: upstairs


Innate Abilities, Weirdness & Mutations

You have hoof-like feet.
You are mostly covered in iridescent scales. (AC +4)
A weak demonic guardian rushes to your aid.


Message History

Press: ? - help, Shift-Dir - straight line, f/p - troll
Aim: a troll (lightly wounded)
You throw a stone.
The stone hits the troll but does no damage.
The troll is lightly wounded.
Your quasit bites the troll.
Your quasit claws the troll but does no damage. x2
The troll bites you.
The troll claws you but does no damage. x2
Your quasit bites the troll but does no damage.
Your quasit claws the troll but does no damage.
Your quasit misses the troll.
Throwing (i - inventory)
i - 236 stones (quivered)
Press: ? - help, Shift-Dir - straight line, f/p - troll
Aim: a troll (lightly wounded)
You throw a stone. The stone barely misses the troll.
Your demonic guardian avoids your attack.
The troll bites you but does no damage. The troll claws you but does no damage.
The troll barely misses you.
Your quasit barely misses the troll.
Your quasit claws the troll but does no damage. x2
Throwing (i - inventory)
i - 235 stones (quivered)
Press: ? - help, Shift-Dir - straight line, f/p - troll
Aim: a troll (lightly wounded)
You throw a stone.
The stone hits the troll but does no damage.
The troll is lightly wounded.
Your quasit bites the troll.
Your quasit claws the troll but does no damage.
Your quasit closely misses the troll.
The troll bites you but does no damage. The troll claws you but does no damage.
The troll claws you.
Your quasit bites the troll.
Your quasit claws the troll but does no damage.
Your quasit barely misses the troll.
Throwing (i - inventory)
i - 234 stones (quivered)
Press: ? - help, Shift-Dir - straight line, f/p - troll
Aim: a troll (lightly wounded)
You throw a stone.
The stone hits the troll but does no damage.
The troll is lightly wounded.
The troll bites you but does no damage. The troll barely misses you. x2
Your quasit closely misses the troll.
Your quasit claws the troll.
Your quasit closely misses the troll.
Throwing (i - inventory)
i - 233 stones (quivered)
Press: ? - help, Shift-Dir - straight line, f/p - troll
Aim: a troll (lightly wounded)
You throw a stone. The stone closely misses the troll.
Your demonic guardian avoids your attack.
The troll completely misses you. x2; The troll claws you.
Your quasit bites the troll.
Your quasit misses the troll.
Your quasit barely misses the troll.
Your quasit completely misses the troll.
Your quasit barely misses the troll.
Your quasit closely misses the troll.
The troll bites you! The troll claws you but does no damage.
The troll claws you.
You are too injured to fight recklessly!
You are too injured to fight recklessly!
You are too injured to fight recklessly!
You are too injured to fight recklessly!
You are too injured to fight recklessly!
You are too injured to fight recklessly!
You are too injured to fight recklessly!
You are too injured to fight recklessly!
You are too injured to fight recklessly!
You are too injured to fight recklessly!
You are too injured to fight recklessly!
You are too injured to fight recklessly!
You are too injured to fight recklessly!
You are too injured to fight recklessly!
You are too injured to fight recklessly!
You are too injured to fight recklessly!
You are too injured to fight recklessly!
You are too injured to fight recklessly!
You are too injured to fight recklessly!
You are too injured to fight recklessly!
You are too injured to fight recklessly!
You are too injured to fight recklessly!
You are too injured to fight recklessly!
You are too injured to fight recklessly!
You are too injured to fight recklessly!
You are too injured to fight recklessly!
You are too injured to fight recklessly!
You are too injured to fight recklessly!
You are too injured to fight recklessly!
You are too injured to fight recklessly!
You are too injured to fight recklessly!
Your quasit bites the troll but does no damage.
Your quasit barely misses the troll. x2
The troll bites you but does no damage. The troll claws you but does no damage.
The troll claws you!
* * * LOW HITPOINT WARNING * * *
Your quasit barely misses the troll.
Your quasit claws the troll but does no damage.
Your quasit closely misses the troll.
The troll bites you but does no damage. The troll claws you!
* * * LOW HITPOINT WARNING * * *
The troll claws you.
* * * LOW HITPOINT WARNING * * *
Your quasit bites the troll.
Your quasit claws the troll but does no damage. x2
The troll bites you!
You die...

###.#..#.......######
..#....#.......#....#
#.###.##.......#.##.#
#.# #.##.......#.##.#
########## #.#
#.###.....##.##.#
#....T.... #.# #.#
#......#.##T#
#.######## #.# #.#
#.####.#5##.####.###
#.# #.###.###
.#T##....T...# #.#
#.......#
.#@#######.#.# #.#
#####.#.#
.#########.#.# # #.#
#.#.# ...........#.#
# #.# #.#.#
##########.# ####
#.#######.#.### #.#
#... #......<#.#.5.#
#.# #.##
#########.###.# #.#
#. #.o§..# #.# #.
####### #.# #.


You could see a troll and a friendly quasit.

Vanquished Creatures
  A bullfrog (D:6)
  2 hounds (D:5)
  2 jellies
  A quasit (D:5)
  2 centaur skeletons
  A bullfrog skeleton (D:5)
  2 worker ants
  2 gnolls (D:4)
  5 adders
  A river rat (D:3)
  An ooze (D:2)
  An adder zombie (D:3)
  5 leopard geckos
  9 orcs
  4 giant cockroaches
  8 goblins
  7 hobgoblins
  7 jackals
  A quokka (D:6)
  6 bats
  6 frilled lizards
  A jackal skeleton (D:4)
  8 kobolds
  A quokka skeleton (D:3)
  A quokka zombie (D:5)
  5 rats
90 creatures vanquished.

Vanquished Creatures (collateral kills)
  The ghost of Morbidden the Slasher, an amateur DsGl (D:3)
  A black bear (D:7)
  An ice beast (D:5)
  4 ogres
  A sky beast (D:4)
  2 centaurs (D:6)
  A bullfrog (D:6)
  A howler monkey (D:4)
  6 crimson imps
  A quasit (D:5)
  2 hounds
  An orc priest (D:5)
  2 worker ants
  2 adders
  A gnoll (D:4)
  2 shadow imps
  5 orcs
  4 jackals (D:5)
  A ball python (D:3)
  A kobold (D:3)
  A quokka skeleton (D:4)
41 creatures vanquished.

Vanquished Creatures (others)
  A shadow imp (D:7)
1 creature vanquished.

Grand Total: 132 creatures vanquished

Notes
Turn   | Place    | Note
-------+----------+-------------------------------------------
     0 | D:1      | MisterOstroum the Demonspawn Archaeologist began the quest
                  | for the Orb.
     0 | D:1      | Reached XP level 1. HP: 15/15 MP: 1/1
   141 | D:1      | Reached skill level 2 in Fighting
   159 | D:1      | Gained mutation: You are partially covered in iridescent
                  | scales. (AC +2) [demonic ancestry]
   159 | D:1      | Reached XP level 2. HP: 19/22 MP: 2/2
   856 | D:2      | Reached skill level 3 in Fighting
   948 | D:2      | Found a radiant altar of Vehumet.
   957 | D:2      | Reached XP level 3. HP: 29/29 MP: 3/3
  1107 | D:2      | Reached skill level 1 in Crossbows
  1504 | D:2      | Found a runed door.
  2118 | D:2      | Gained mutation: You have large cloven feet. [demonic
                  | ancestry]
  2118 | D:2      | Reached XP level 4. HP: 28/35 MP: 4/4
  3430 | D:3      | Found a glowing golden altar of the Shining One.
  3482 | D:3      | Found a runed translucent door.
  3488 | D:3      | Noticed Morbidden's ghost (amateur DsGl)
  3734 | D:3      | Gained mutation: A weak demonic guardian rushes to your
                  | aid. [demonic ancestry]
  3734 | D:3      | Reached XP level 5. HP: 41/41 MP: 5/5
  3829 | D:3      | Found a runed translucent door.
  3932 | D:3      | Reached skill level 5 in Crossbows
  4215 | D:4      | Found a bloodstained altar of Trog.
  4358 | D:4      | Noticed a sky beast
  4374 | D:4      | Gained mutation: You are mostly covered in iridescent
                  | scales. (AC +4) [demonic ancestry]
  4374 | D:4      | Reached XP level 6. HP: 47/47 MP: 6/6
  4504 | D:3      | Killed Morbidden's ghost
  4598 | D:4      | Noticed a sky beast
  4602 | D:4      | Killed a sky beast
  4626 | D:4      | Found a glowing silver altar of Zin.
  4626 | D:4      | Found a shimmering altar of Xom.
  4626 | D:4      | Noticed an angel
  4693 | D:5      | Entered Level 5 of the Dungeon
  4761 | D:5      | Found a sacrificial altar of Ru.
  4938 | D:5      | Reached skill level 4 in Fighting
  4990 | D:5      | Found an iron altar of Okawaru.
  5085 | D:5      | Became a worshipper of Warmaster Okawaru
  5268 | D:5      | Reached XP level 7. HP: 55/55 MP: 7/7
  5309 | D:5      | Reached skill level 5 in Fighting
  5326 | D:5      | Found a snail-covered altar of Cheibriados.
  5703 | D:5      | Found a burning altar of Makhleb.
  5861 | D:6      | Found a blossoming altar of Fedhas.
  6021 | D:5      | Reached * piety under Okawaru
  6021 | D:5      | Reached skill level 6 in Fighting
  6549 | D:6      | Noticed a troll
  6781 | D:6      | Reached skill level 7 in Fighting
  6883 | D:6      | Found a staircase to the Ecumenical Temple.
  6893 | Temple   | Entered the Ecumenical Temple
  6963 | D:6      | Gained mutation: You have hoof-like feet. [demonic
                  | ancestry]
  6963 | D:6      | Reached XP level 8. HP: 25/67 MP: 8/8
  6970 | D:6      | Reached ** piety under Okawaru
  7307 | D:7      | Found a staircase to the Lair.
  7327 | D:7      | Reached skill level 1 in Invocations
  7414 | D:7      | Found Malyac's Antique Weapon Shoppe.
  7718 | D:6      | Slain by a troll

Skill      XL: |  1  2  3  4  5  6  7  8 |
---------------+-------------------------+-----
Fighting       | 2 3 4 7 |  7.9
Crossbows      | 2 4 6 |  6.9
Invocations    | 1 |  1.3
Armour         | |  0.7
Dodging        | |  2.6
Stealth        | |  3.0

Action                   |  1- 3 |  4- 6 |  7- 9 || total
-------------------------+-------+-------+-------++-------
Melee: Spear             |   198 |   173 |       ||   371
       Great mace        |       |    39 |       ||    39
       Arbalest          |       |     1 |    51 ||    52
Throw: Stone             |    57 |   475 |   505 ||  1037
       Tomahawk          |       |       |    78 ||    78
Invok: Heroism           |       |       |     3 ||     3
  Use: Scroll            |     4 |     6 |     3 ||    13
       Potion            |     2 |     2 |     3 ||     7
 Stab: Sleeping          |     6 |     1 |       ||     7
  Eat: Chunk             |     4 |     7 |     7 ||    18
       Ration            |       |     1 |       ||     1
Armor: Robe              |    23 |     8 |       ||    31
       Plate armour      |   191 |   517 |   592 ||  1300
       Skin              |       |     2 |       ||     2
Dodge: Dodged            |    74 |   120 |   124 ||   318
